 Dungeon Crawl Stone Soup version 0.27-a0-1081-ge8a0a9c698 (webtiles) character file.

Game seed: 12056950783509007854

283 voltaire321 the Covered (level 6, 0/56 HPs)
             Began as a Minotaur Fighter on Apr 26, 2021.
             Slain by Sigmund
             ... wielding a +0 scythe
              (8 damage)
             ... on level 3 of the Dungeon.
             The game lasted 00:04:32 (2347 turns).

voltaire321 the Covered (Minotaur Fighter)          Turns: 2347, Time: 00:04:32

Health: 0/56       AC:  0    Str: 21    XL:     6   Next: 7%
Magic:  5/5        EV: 13    Int:  6    God:
Gold:   76         SH:  0    Dex: 10    Spells: 5/5 levels left

rFire    . . .     SeeInvis .   (weapon currently unavailable)
rCold    . . .     Faith    .   (shield currently unavailable)
rNeg     . . .     Spirit   .   (armour currently unavailable)
rPois    .         Reflect  .   (helmet currently unavailable)
rElec    .         Harm     .   (cloak currently unavailable)
rCorr    .         Rampage  .   (gloves currently unavailable)
Will     .....                  (boots currently unavailable)
Stlth    +.........             (no amulet)
HPRegen  0.18/turn              (ring currently unavailable)
MPRegen  0.09/turn              (ring currently unavailable)

@: confused, mighty, pig-form, very quick
A: fast, no casting, small, (horns 2), (retaliatory headbutt)
a: no special abilities


You were on level 3 of the Dungeon.
You were a filthy swine.
You visited 1 branch of the dungeon, and saw 3 of its levels.

You collected 76 gold pieces.

Inventory:

Hand Weapons
 a - a +0 war axe (melded)
Armour
 b - a +0 scale mail (melded)
 c - a +0 kite shield (melded)
 k - a +1 hat (melded)
Wands
 e - a wand of iceblast (4)
 n - a wand of flame (11)
Scrolls
 f - 2 scrolls of teleportation {unknown}
 g - a scroll of amnesia {unknown}
 h - 3 scrolls of identify {unknown}
 i - a scroll of fog {unknown}
 j - 4 scrolls of enchant armour {unknown}
 l - a scroll of blinking {unknown}
 p - a scroll of immolation {unknown}
Potions
 m - 2 potions of magic {unknown}
 o - a potion of invisibility {unknown}


   Skills:
 + Level 5.1 Fighting
 + Level 4.3 Axes
 + Level 5.2 Armour
 + Level 5.1 Shields


You had 5 spell levels left.
You didn't know any spells.
Your spell library contained the following spells:

 Spells                   Type           Power      Damage    Failure   Level
 Magic Dart               Conj           0%         1d3       45%         1
 Summon Small Mammal      Summ           0%         N/A       45%         1
 Blink                    Tloc           N/A        N/A       58%         2
 Call Imp                 Summ           0%         N/A       58%         2
 Slow                     Hex            0%         N/A       58%         2
 Call Canine Familiar     Summ           0%         N/A       83%         3
 Conjure Flame            Conj/Fire      0%         6-21      83%         3
 Mephitic Cloud           Conj/Pois/Air  0%         N/A       83%         3
 Summon Guardian Golem    Hex/Summ       0%         N/A       83%         3
 Summon Ice Beast         Ice/Summ       0%         N/A       99%         4
 Summon Lightning Spire   Summ/Air       0%         N/A       99%         4


Dungeon Overview and Level Annotations

Branches:
Dungeon (3/15)

Altars:

Annotations:
D:3 Sigmund


Innate Abilities, Weirdness & Mutations

You are a filthy swine.
You move quickly.
Your equipment is almost entirely melded.
You are incapable of wielding weapons or throwing items.
You cannot cast spells.
((You have a pair of horns on your head.))
((You reflexively headbutt those who attack you in melee.))


Message History

You kill the adder!
You see here an adder corpse.
h - 3 scrolls labelled ZIEGGU KUCWO (gained 1)
You now have 76 gold pieces (gained 6).
p - a scroll labelled UPINUK ICARIMU Sigmund the Dreaded comes into view.
He is wielding a +0 scythe and carrying a wand of polymorph (11).
Sigmund shouts!
Sigmund hits you with a +0 scythe.
You slash Sigmund! You headbutt Sigmund.
Sigmund is heavily wounded.
Sigmund hits you but does no damage.
Sigmund points at himself and mumbles some strange words.
Sigmund flickers and vanishes!
Deactivating autopickup; reactivate with Ctrl-A.
You feel very mighty all of a sudden. Something hits you but does no damage.
You miss something. Your headbutt misses something.
You hear a zap.
Something tries to affect you, but you resist.
You miss something. You block something's attack. x2
You barely miss something. Something hits you!
You closely miss something. Your headbutt misses something.
You hear a zap.
You turn into a filthy swine.
Your +0 war axe melds into your body.
Your +1 hat melds into your body.
Your +0 kite shield melds into your body.
Your +0 scale mail melds into your body.
You hear some strange, mumbled words.
Something tries to affect you, but you resist.
You miss something. You closely miss something.
You hear some strange, mumbled words.
You are confused.
You bump into the rock wall.
Something hits you! Something hits you!
* * * LOW HITPOINT WARNING * * *
Something hits you.
* * * LOW HITPOINT WARNING * * *
You bump into the rock wall.
Something hits you!
You die...

#...# #.#
#.#########.#
#...........#
#.#####.#.#.#
#......###..#
#.#####.#.#.#
##.##.#
######.##.#
.#....{h...#####
...............#
##.####.######.##
.. #.# ##...##
#.# ##.###.##
#.###.## ##.##
#.##.## ##.#
#....# #.#
#.##.## ##.#


There were no monsters in sight!

Vanquished Creatures
  Grinder (D:3)
  A gnoll (D:1)
  2 adders (D:3)
  A worm (D:2)
  3 dart slugs
  2 orcs (D:3)
  7 bats
  5 endoplasms
  2 giant cockroaches
  3 goblins (D:1)
  4 hobgoblins (D:1)
  8 jackals
  A quokka (D:1)
  3 ball pythons
  4 frilled lizards
  7 kobolds
  4 rats
58 creatures vanquished.

Notes
Turn   | Place    | Note
-------+----------+-------------------------------------------
     0 | D:1      | voltaire321 the Minotaur Fighter began the quest for the
                  | Orb.
     0 | D:1      | Reached XP level 1. HP: 19/19 MP: 0/0
    23 | D:1      | Found a faded altar of an unknown god.
   148 | D:1      | Reached XP level 2. HP: 27/27 MP: 1/1
   330 | D:1      | Reached XP level 3. HP: 29/33 MP: 2/2
  1723 | D:3      | Reached XP level 4. HP: 40/40 MP: 3/3
  1875 | D:3      | Noticed Grinder
  1934 | D:3      | Killed Grinder
  1935 | D:3      | Reached skill level 5 in Fighting
  1935 | D:3      | Reached skill level 5 in Armour
  1935 | D:3      | Reached skill level 5 in Shields
  1935 | D:3      | Reached XP level 5. HP: 24/48 MP: 4/4
  2244 | D:3      | Reached XP level 6. HP: 56/56 MP: 5/5
  2333 | D:3      | Noticed Sigmund
  2347 | D:3      | Slain by Sigmund

Illustrated notes

Levels and vault maps discovered:
D:1:      eino_arrival_cavern_b, layout_basic,
          hellmonk_ecumenical_altar_lost_god
D:2:      layout_basic
D:3:      layout_loops_ring, uniq_robin, uniq_sigmund, uniq_grinder

Skill      XL: |  1  2  3  4 |
---------------+-------------+-----
Armour         | 4 5 |  5.2
Shields        | 4 5 |  5.1
Fighting       | 4 5 |  5.1
Axes           | 3 4 |  4.3

Action                   |  1- 3 |  4- 6 || total
-------------------------+-------+-------++-------
Melee: War axe           |    94 |    32 ||   126
       Headbutt          |    17 |     5 ||    22
       Unarmed           |       |     2 ||     2
  Use: Potion            |       |     2 ||     2
Armor: Scale mail        |    55 |    12 ||    67
Dodge: Dodged            |    45 |     7 ||    52
Block: Kite shield       |    54 |    14 ||    68

Table legend: (Time is in decaauts)
 A = Elapsed time spent in this place.
 B = Non-inter-level travel time spent in this place.
 C = Inter-level travel time spent in this place.
 D = Time resting spent in this place.
 E = Time spent auto-exploring this place.
 F = Levels seen in this place.
 G = Mean time per level.
                   A        B        C        D        E       F      G
               +--------+--------+--------+--------+--------+-----+--------+
         Total |   2416 |   2381 |     35 |      0 |   1883 |   3 |  805.3 |
       Dungeon |   2416 |   2381 |     35 |      0 |   1883 |   3 |  805.3 |
               +--------+--------+--------+--------+--------+-----+--------+

Top non-repeatable levels by time:
     D:1: 917 daAuts
     D:2: 806 daAuts
     D:3: 692 daAuts
